 Dungeon Crawl Stone Soup version 0.19.5 (webtiles) character file.

1813 Shoikan the Basher (level 8, 0/71 (73) HPs)
             Began as a Minotaur Berserker on Mar 15, 2017.
             Was an Elder of Trog.
             Slain by an orc warrior
             ... wielding a +0 mace
              (10 damage)
             ... on level 6 of the Dungeon.
             The game lasted 00:26:47 (5342 turns).

Shoikan the Basher (Minotaur Berserker)             Turns: 5342, Time: 00:26:48

HP:   0/71 (73)     AC: 13    Str: 23    XL:     8   Next: 84%
MP:   7/7           EV: 13    Int:  4    God:    Trog [****..]
Gold: 249           SH:  0    Dex: 13    Spells: 0 memorised, 7 levels left

rFire  + . .     SeeInvis .     a - +0 mace
rCold  . . .     Gourm    .     j - +0 chain mail
rNeg   + + .     Faith    .     (no shield)
rPois  .         Spirit   .     (helmet restricted)
rElec  .         Reflect  .     (no cloak)
rCorr  .         Harm     .     (no gloves)
MR     .....                    f - +0 pair of boots
Stlth  ..........               (no amulet)
                                w - ring "Wevuciheo" {rF+ rN++ Dex-2}
                                D - +3 ring of evasion

@: no status effects
A: retaliatory headbutt, horns 2, icy blue scales 1, agile 1, strong 1
a: Berserk, Trog's Hand, Brothers in Arms, Burn Spellbooks, Renounce Religion


You were on level 6 of the Dungeon.
You worshipped Trog.
Trog was greatly pleased with you.
You were not hungry.

You visited 2 branches of the dungeon, and saw 8 of its levels.
You also visited: Ossuary.

You collected 249 gold pieces.

Inventory:

Hand Weapons
 a - a +0 mace (weapon)
Armour
 f - a +0 pair of boots (worn)
 j - a +0 chain mail (worn)
Magical Staves
 v - an uncursed staff of wizardry {unknown}
Jewellery
 d - a +3 ring of dexterity
 n - an uncursed ring of see invisible
 t - an uncursed ring of protection from magic
 w - the ring "Wevuciheo" (right hand) {rF+ rN++ Dex-2}
   (You found it on level 5 of the Dungeon)

   [ring of protection from fire]

   It affects your dexterity (-2).
   It protects you from fire.
   It greatly protects you from negative energy.
 D - a +3 ring of evasion (left hand)
Scrolls
 g - a scroll of identify
 l - 3 scrolls of remove curse
 o - a scroll of random uselessness {unknown}
 q - 4 scrolls of teleportation
 s - a scroll of fear {unknown}
 u - a scroll of blinking {unknown}
 x - a scroll of magic mapping {unknown}
 y - a scroll of fog {unknown}
 C - a scroll of enchant armour {unknown}
Potions
 b - 2 potions of cure mutation
 e - a potion of agility
 k - a potion of flight {unknown}
 m - a potion of cancellation {unknown}
 p - 4 potions of curing
 r - a potion of ambrosia {unknown}
 A - a potion of magic {unknown}
 B - 2 potions of heal wounds
Comestibles
 c - a bread ration
 h - 3 beef jerkies
 i - 4 meat rations
 z - 3 chunks of flesh


   Skills:
 + Level 7.5 Fighting
 + Level 10.2 Maces & Flails
 + Level 7.0 Armour
 + Level 3.4 Dodging
 - Level 0.1 Stealth


You had 7 spell levels left.
You didn't know any spells.

Dungeon Overview and Level Annotations

Branches:
Dungeon (7/15)             Temple (1/1) D:4

Altars:
Ashenzari
Cheibriados
Dithmenos
Elyvilon
Fedhas
Gozag
Hepliaklqana
Kikubaaqudgha
Makhleb
Nemelex Xobeh
Okawaru
Qazlal
Ru
Sif Muna
Uskayaw
Vehumet
Yredelemnul
Zin
The Shining One

Shops:
D:2 *


Innate Abilities, Weirdness & Mutations

You reflexively headbutt those who attack you in melee.
You have a pair of horns on your head.
You are partially covered in icy blue scales. (AC +2)
You are agile. (Dex +2)
Your muscles are strong. (Str +2)


Message History

The quokka bites you but does no damage.
You closely miss the orc warrior.
The orc warrior is severely wounded.
The quokka closely misses you. The orc warrior completely misses you.
You hit the orc warrior. Your headbutt misses the orc warrior.
The orc warrior is severely wounded.
The quokka misses you. The orc warrior hits you with a mace!
* * * LOW HITPOINT WARNING * * *
You hit the orc warrior.
The orc warrior is severely wounded.
The quokka barely misses you.
You closely miss the orc warrior. Your headbutt misses the orc warrior.
The orc warrior is severely wounded.
The quokka misses you. You furiously retaliate!
You headbutt the quokka. The orc warrior closely misses you.
You hit the orc warrior.
The orc warrior is severely wounded.
The quokka bites you but does no damage.
The orc warrior hits you with a mace!
You die...

#.......... ###..........
#...[........
#.#.##.####.# #.#.##.## #
#.#.##..##
#########.#.##...# #
#.........#.##..o##.#####
#.........#.##.#@.......#
..^.......#.##.#.r#.###.#
#........##.##.##.# #
#...........##.##..
#..(.....#####.###..
#........# #.# ..#
#........# #.# ..#
#........# #.# .>.
#######'## #.#


You could see an orc warrior and a quokka.

Vanquished Creatures
  The ghost of Shoikan the Basher, a novice MiBe of Trog (Ossuary)
  Menkaure (D:4)
  A necrophage (D:7)
  An ogre (D:4)
  A bullfrog (D:6)
  A scorpion (D:5)
  2 centaur zombies (Ossuary)
  3 crimson imps
  2 orc priests (D:6)
  A bullfrog zombie (D:7)
  A hound (D:4)
  A jelly (D:5)
  A bullfrog skeleton (D:5)
  2 iguanas
  3 orc wizards (D:5)
  3 worker ants
  Ijyb (D:3)
  3 ogre zombies (Ossuary)
  A hound skeleton (D:4)
  7 mummies (Ossuary)
  2 worker ant zombies (D:5)
  4 gnolls (D:4)
  5 adders
  A shadow imp (D:5)
  An ooze (D:4)
  5 adder zombies (Ossuary)
  An adder skeleton (D:5)
  3 worms
  3 dart slugs
  6 leopard geckos
  8 orcs
  4 ball pythons
  4 giant cockroaches
  A gnoll zombie (Ossuary)
  2 goblins
  7 hobgoblins
  3 jackals (D:3)
  A quokka (D:3)
  2 bats (D:2)
  4 frilled lizards
  2 goblin zombies (Ossuary)
  6 hobgoblin zombies (Ossuary)
  2 kobolds
  An orc zombie (Ossuary)
  A quokka zombie (D:5)
  2 rats
  A rat zombie (Ossuary)
  A butterfly (D:4)
120 creatures vanquished.

Notes
Turn   | Place    | Note
-------+----------+-------------------------------------------
     0 | D:1      | Shoikan the Minotaur Berserker began the quest for the Orb.
     0 | D:1      | Reached XP level 1. HP: 19/19 MP: 0/0
   561 | D:1      | Reached XP level 2. HP: 21/27 MP: 1/1
   831 | D:2      | Reached skill level 4 in Maces & Flails
   887 | D:2      | Found a glowing silver altar of Zin.
   888 | D:2      | Found Zin's Purification Station.
   897 | D:2      | Reached XP level 3. HP: 33/33 MP: 2/2
  1368 | D:3      | Reached ** piety under Trog
  1380 | D:3      | Reached XP level 4. HP: 34/40 MP: 3/3
  1524 | D:3      | Noticed Ijyb
  1531 | D:3      | Killed Ijyb
  1531 | D:3      | Reached skill level 5 in Maces & Flails
  2113 | D:4      | Reached XP level 5. HP: 43/47 MP: 4/4
  2164 | D:4      | Found a staircase to the Ecumenical Temple.
  2213 | Temple   | Entered the Ecumenical Temple
  2388 | D:4      | Reached skill level 6 in Maces & Flails
  2407 | D:4      | Noticed Menkaure
  2416 | D:4      | Killed Menkaure
  2416 | D:4      | Reached skill level 5 in Fighting
  2416 | D:4      | Reached XP level 6. HP: 56/56 MP: 5/5
  2492 | D:4      | Reached skill level 7 in Maces & Flails
  2995 | D:5      | Entered Level 5 of the Dungeon
  3016 | D:5      | You fall through a shaft for 2 floors!
  3031 | D:7      | Reached XP level 7. HP: 32/61 MP: 6/6
  3369 | D:6      | Reached skill level 8 in Maces & Flails
  3573 | D:5      | Found a sand-covered staircase.
  3581 | Ossuary  | Entered an ossuary
  3817 | Ossuary  | Reached *** piety under Trog
  3878 | Ossuary  | Reached skill level 5 in Armour
  4247 | Ossuary  | Gained mutation: Your muscles are strong. (Str +2) [potion of mutation]
  4247 | Ossuary  | Gained mutation: You are agile. (Dex +2) [potion of mutation]
  4247 | Ossuary  | Gained mutation: You are partially covered in icy blue scales. (AC +2) [potion of mutation]
  4311 | Ossuary  | Noticed Shoikan's ghost (novice MiBe)
  4331 | Ossuary  | Killed Shoikan's ghost
  4331 | Ossuary  | Reached skill level 9 in Maces & Flails
  4331 | Ossuary  | Reached XP level 8. HP: 28/71 MP: 7/7
  4679 | D:5      | Got an ancient wooden ring
  4816 | D:5      | Identified the ring "Wevuciheo" {rF+ rN++ Dex-2} (You found it on level 5 of the Dungeon)
  4913 | D:5      | Reached skill level 10 in Maces & Flails
  5067 | D:5      | Found a hazy altar of Hepliaklqana.
  5165 | D:6      | Found a sacrificial altar of Ru.
  5220 | D:6      | Found a faded altar of an unknown god.
  5220 | D:6      | Found a faded altar of an unknown god.
  5225 | D:6      | Found a faded altar of an unknown god.
  5227 | D:6      | Found a faded altar of an unknown god.
  5229 | D:6      | Found a radiant altar of Vehumet.
  5328 | D:6      | Reached **** piety under Trog
  5342 | D:6      | Slain by an orc warrior

Skill      XL: |  1  2  3  4  5  6  7  8 |
---------------+-------------------------+-----
Maces & Flails | 4 5 6 7 9 10 | 10.2
Fighting       | 4 5 7 |  7.5
Armour         | 3 4 6 7 |  7.0
Dodging        | 3 |  3.4
Stealth        | |  0.1

Action                   |  1- 3 |  4- 6 |  7- 9 || total
-------------------------+-------+-------+-------++-------
Melee: Mace              |    78 |    98 |   204 ||   380
       Headbutt          |     7 |    22 |    45 ||    74
Invok: Berserk           |       |     2 |     1 ||     3
       Trog's Hand       |       |     1 |       ||     1
  Use: Scroll            |     3 |       |     6 ||     9
       Potion            |     1 |       |     1 ||     2
  Eat: Chunk             |     1 |     8 |     4 ||    13
       Bread ration      |       |       |     1 ||     1
Armor: Animal skin       |    10 |       |       ||    10
       Chain mail        |    32 |    44 |    82 ||   158
Dodge: Dodged            |    53 |    58 |   116 ||   227
